 Dungeon Crawl Stone Soup version 0.20.0-15-g7f486f2 (webtiles) character file.

57 Naow the Magician (level 3, -9/19 HPs)
             Began as a Deep Elf Fire Elementalist on June 9, 2017.
             Mangled by an ice beast (12 damage)
             ... on level 3 of the Dungeon.
             The game lasted 00:01:47 (1181 turns).

Naow the Magician (Deep Elf Fire Elementalist)      Turns: 1181, Time: 00:01:47

Health: -9/19      AC:  2    Str:  5    XL:     3   Next: 73%
Magic:  5/10       EV: 13    Int: 20    God:
Gold:   96         SH:  0    Dex: 15    Spells: 9/10 levels left

rFire    . . .     SeeInvis .   (no weapon)
rCold    . . .     Gourm    .   (no shield)
rNeg     . . .     Faith    .   a - +0 robe
rPois    .         Spirit   .   (no helmet)
rElec    .         Reflect  .   (no cloak)
rCorr    .         Harm     .   (no gloves)
MR       .....                  (no boots)
Stlth    ++........             (no amulet)
Regen    0.1/turn               (no ring)
MPRegen  0.2/turn               (no ring)

@: no status effects
A: no striking features
a: no special abilities


You were on level 3 of the Dungeon.
You were not hungry.

You visited 1 branch of the dungeon, and saw 4 of its levels.

You collected 96 gold pieces.

Inventory:

Armour
 a - a +0 robe (worn)
 l - a scarf of spirit shield
Scrolls
 f - 4 scrolls of identify {unknown}
 g - a scroll of fog {unknown}
 k - a scroll of magic mapping {unknown}
Potions
 d - a potion of mutation {unknown}
 e - a potion of ambrosia {unknown}
 h - a potion of curing {unknown}
 i - a potion of resistance {unknown}
 j - 2 potions of might {unknown}
Books
 b - a book of Flames

   Spells                             Type                      Level
   a - Flame Tongue                   Conjuration/Fire             1
   b - Throw Flame                    Conjuration/Fire             2
   c - Conjure Flame                  Conjuration/Fire             3
   d - Inner Flame                    Hexes/Fire                   3
   e - Sticky Flame                   Conjuration/Fire             4
   f - Fireball                       Conjuration/Fire             5
Comestibles
 c - 2 bread rations


   Skills:
 - Level 2.4 Dodging
 - Level 2.4 Stealth
 + Level 4.1 Spellcasting
 + Level 2.2 Conjurations
 + Level 4.1 Fire Magic


You had 9 spell levels left.
You knew the following spells:

 Your Spells              Type           Power        Failure   Level  Hunger
a - Flame Tongue          Conj/Fire      ###..        3%          1    None


Dungeon Overview and Level Annotations

Branches:
Dungeon (4/15)
 Temple: D:4-7

Altars:


Message History

Confirm with . or Enter, or press ? or * to list all spells.
Aiming: Flame Tongue
Press: ? - help, Shift-Dir - straight line, f/p - ice beast
Aim: an ice beast (heavily wounded)
The flame tongue hits the ice beast.
The ice beast melts!
The ice beast is severely wounded.
The ice beast hits you. The ice beast freezes you!
Ouch! That really hurt!
Casting: Flame Tongue
Confirm with . or Enter, or press ? or * to list all spells.
Aiming: Flame Tongue
Press: ? - help, Shift-Dir - straight line, f/p - ice beast
Aim: an ice beast (severely wounded)
The flame tongue hits the ice beast.
The ice beast is severely wounded.
The ice beast hits you.
* * * LOW HITPOINT WARNING * * *
The ice beast freezes you!
Ouch! That really hurt!
You die...

...... .. .)Y.##..!
#........ #########
#######........
..........
............#
#........
#######..####
#.#...... ##...#
>....(.#######..#.#
.......@Y......##.#
####.##...........#
#.....###..##....#
####..##.# ##.#
#.#.. ###....###...
#... ..#. #
#...#### #....##...
.# # ###.### ###..#
.### # # #...# ..#
.# # #.### ... .#


You could see an ice beast.

Vanquished Creatures
  A jelly (D:4)
  A worm (D:3)
  A dart slug (D:1)
  A leopard gecko (D:1)
  5 bats (D:1)
  A giant cockroach (D:1)
  A goblin (D:1)
  2 hobgoblins
  A frilled lizard (D:1)
  6 kobolds
  A rat (D:1)
21 creatures vanquished.

Notes
Turn   | Place    | Note
-------+----------+-------------------------------------------
     0 | D:1      | Naow the Deep Elf Fire Elementalist began the quest for the Orb.
     0 | D:1      | Reached XP level 1. HP: 10/10 MP: 6/6
   339 | D:1      | Reached XP level 2. HP: 15/15 MP: 6/8
   953 | D:2      | You fall through a shaft for 2 floors!
   956 | D:4      | Reached XP level 3. HP: 19/19 MP: 5/10
  1161 | D:3      | Noticed an ice beast
  1181 | D:3      | Mangled by an ice beast

Skill      XL: |  1  2 |
---------------+-------+-----
Spellcasting   | 4 |  4.1
Conjurations   | 2 |  2.2
Fire Magic     | 4 |  4.1
Dodging        | |  2.4
Stealth        | |  2.4

Action                   || total
-------------------------++-------
Melee: Unarmed           ||     9
 Cast: Flame Tongue      ||    41
  Eat: Chunk             ||     1
Armor: Robe              ||     5
Dodge: Dodged            ||    16
